Workbook

Sheet Mapa de riesgo Institucional
F1: MATRIZ DE RIESGO INSTITUCIONAL - VIGENCIA 2026 | V1: CÓDIGO: N/A
V2: VERSIÓN: 2.0
V3: FECHA: ENERO DE 2026
A4: No. | B4: PROCESO | C4: IMPACTO | D4: CAUSA | E4: NOMBRE DEL RIESGO | F4: CLASIFICACION DEL RIESGO | G4: PROBABILIDAD: 1. 20%: Muy Baja, 2. 40%: Baja, 3. 60%: Media, 4. 80%: Alta, 5. 100%: Muy Alta, | H4: IMPACTO: 1. 20%: Leve, 2: 40%: Menor, 3: 60%: Moderado, 4: 80%: Mayor, 5: 100%: Catastrófico | I4: ZONA DE RIESGO | J4: DESCRIPCIÓN DE ACCIONES A REALIZAR O QUE SE ESTAN REALIZANDO | K4: AFECTACION | M4: ATRIBUTOS | S4: ZONA DE RIESGO RESIDUAL | V4: TRATAMIENTO | Y4: SEGUIMIENTO LÍDER DE PROCESO
I5: EVALUACIÓN (Ver Matriz de Calor) | K5: Probabilidad | L5: Impacto | M5: Tipo | N5: Implementación | O5: Calificación | P5: Documentación | Q5: Frecuencia | R5: Evidencia | S5: OPCION MANEJO DEL RIESGO: Reducir, Aceptar, Evitar | T5: Probalidad Final % | U5: Impacto Residual Final % | V5: PLAN DE ACCIÓN | W5: RESPONSABLE | X5: FECHA DE IMPLEMENTACION | Y5: FECHA DE SEGUIMIENTO | Z5: INFORME DE SEGUIMIENTO
A6: 1 | B6: DIRECCIÓN GENERAL Y PLANEACIÓN | C6: Afectación Reputacional | D6: Uso excesivo de poder, desconocimiento de los procedimientos y normativas. | E6: Direccionamiento indebido del nivel decisorio, en la vinculación de personal, celebración de convenios o toma de decisiones en beneficio propio o de un tercero. | F6: FRAUDE INTERNO | G6: Muy Baja 20% | H6: Menor 40% | I6: =VLOOKUP(G6,'MATRIZ DE CALOR'!$C$2:$H$7,MATCH('Mapa de riesgo Institucional'!H6,'MATRIZ DE CALOR'!$C$2:$H$2,0),FALSE) -> Bajo | J6: 1, La Alta Dirección debería comunicar, socializar y hacer públicas sus decisiones en los Comités Institucionales, en caso de inquietudes sobre sus decisiones, sustentar las razones de estas. 2, Evidencia de su control mediante actas de comité. 3, La Alta Dirección debe aplicar durante las actividades de vinculación del personal, la normativa vigente en materia contractual y de vinculación. En caso de desviaciones en el cumplimiento de requisitos normativos, se generarían alertas. | K6: X | M6: CONTROL DETECTIVO | N6: MANUAL | O6: 0.4 | P6: DOCUMENTADO | Q6: CONTINUA | R6: CON REGISTRO | S6: EVITAR | T6: Baja 40% | U6: Menor 40% | V6: Capacitación permanente al personal responsable de la toma de decisiones y celebración de actas de comité para la comunicación de las decisiones. | W6: DIRECCIÓN GENERAL / PLANEACIÓN | X6: Permanente | Y6: 30/04/2026 | Z6: la alta dirección mantiene informada a las subdirecciones la toma de decisiones, se mantienen las acta de los comites debidamente actualizadas
A7: 2 | C7: Afectación Económica | D7: No existe un diagnostico actualizado de la capacidad institucional, debilidad en los mecanismos para la alineación y control de los compromisos. | E7: Incumplimiento de los objetivos institucionales, sectoriales y metas de gobierno. | F7: EJECUCIÓN Y ADMINISTRACIÓN DE PROCESOS | G7: Muy Baja 20% | H7: Menor 40% | I7: =VLOOKUP(G7,'MATRIZ DE CALOR'!$C$2:$H$7,MATCH('Mapa de riesgo Institucional'!H7,'MATRIZ DE CALOR'!$C$2:$H$2,0),FALSE) -> Bajo | J7: El jefe de la Dirección General debe verificar los lineamientos establecidos con el fin de aplicar y dar cumplimiento a las mismas. En caso de no contar con los lineamientos, se identificará las entidades claves para articular la estrategia de gestión establecidas por el Gobierno. | L7: X | M7: CONTROL PREVENTIVO | N7: MANUAL | O7: 0.4 | P7: DOCUMENTADO | Q7: CONTINUA | R7: CON REGISTRO | S7: EVITAR | T7: Baja 40% | U7: Moderado 60% | V7: El área de planeación, una vez definido el diseño articulará la planeación con el presupuesto de inversión mediante la implementación de un esquema en Sistema de Gestión. En caso de externalidades se efectuarán las actualizaciones respectivas. | W7: DIRECCIÓN GENERAL / PLANEACIÓN | X7: Permanente | Y7: 30/04/2026 | Z7: se mantiene un diseño de la gestión presupuestan con la inversión siguiendo los parametros de el decreto 111 y el codigo presupuestaal CPP
A8: 3 | C8: Afectación Reputacional | D8: Falta de claridad en el nivel de responsabilidad y autoridad, disparidad de lineamientos, herramientas desacopladas y desarticuladas, flujos de comunicación deficientes y desarticulados. | E8: Inadecuada gestión de procesos y generación de productos. | F8: USUARIOS, PRODUCTOS Y PRÁCTICAS | G8: Muy Baja 20% | H8: Menor 40% | I8: =VLOOKUP(G8,'MATRIZ DE CALOR'!$C$2:$H$7,MATCH('Mapa de riesgo Institucional'!H8,'MATRIZ DE CALOR'!$C$2:$H$2,0),FALSE) -> Bajo | J8: El personal del área de planeación debe acatar los lineamientos definidos en los procesos, procedimientos, políticas de operación y matriz de responsabilidad y autoridad. En el caso de no acatar dichos lineamientos, se rectifica la acción especifica o el producto no conforme. | K8: X | M8: CONTROL PREVENTIVO | N8: MANUAL | O8: 0.4 | P8: DOCUMENTADO | Q8: CONTINUA | R8: CON REGISTRO | S8: EVITAR | T8: Muy Baja 20% | U8: Leve 20% | V8: El área de planeación periódicamente socializará y capacitará al personal interno sobre los procesos y procedimientos mediante las reuniones internas de trabajo. En caso de no ser posible su realización se reagendará para la siguiente reunión sin que pase el mes. | W8: DIRECCIÓN GENERAL / PLANEACIÓN | X8: Permanente | Y8: 30/04/2026 | Z8: Se programan reuniones semanales con los directivos para revisar la ejecución de los planes y revisar indicadores de cumplimiento
A9: =A8+1 -> 4 | B9: ATENCIÓN AL CIUDADANO | C9: Afectación Económica | D9: Debilidades en la identificación de conocimiento generados de las prácticas, experiencias y procedimientos llevados a cabo por el personal. Falta de comunicación entre los integrantes de los equipos de trabajo y de motivación para compartir información y experiencias. No se documentan las buenas prácticas de gestión realizadas. | E9: Fuga de capital intelectual en la entidad. | F9: USUARIOS, PRODUCTOS Y PRÁCTICAS | G9: Baja 40% | H9: Moderado 60% | I9: =VLOOKUP(G9,'MATRIZ DE CALOR'!$C$2:$H$7,MATCH('Mapa de riesgo Institucional'!H9,'MATRIZ DE CALOR'!$C$2:$H$2,0),FALSE) -> Moderado | J9: El subdirector corporativo en reuniones de grupo invita a compartir el conocimiento y las buenas prácticas de gestión. En el caso de incumplimiento, se reprograma la reunión. El Coordinador de Grupo, semestralmente, verifica que la información de la gestión se almacene en la data de almacenamiento de la Entidad. En caso de no encontrarse la información se solicita que se actualice y se archive. Se evidencia mediante evaluación de desempeño y repositorio documental. | K9: X | M9: CONTROL PREVENTIVO | N9: MANUAL | O9: 0.4 | P9: DOCUMENTADO | Q9: CONTINUA | R9: CON REGISTRO | S9: EVITAR | T9: Muy Baja 20% | U9: Menor 40% | V9: El subdirector corporativo cuando se requiera acuerda con el jefe de recursos humanos las actividades para garantizar el inventario de capital intelectual del área y la socialización de la información. En el caso de incumplimiento, se verifica que la información se registre en el acta de entrega del cargo. | W9: SUBDIRECTOR CORPORATIVO Y ATENCIÓN AL CIUDADANO | X9: Permanente | Y9: 30/04/2026 | Z9: se cuenta con un funcionario responsable de atención al ciudadano y revisa el desempeño con periodicidad
A10: 5 | C10: Afectación Reputacional | D10: 1. Asignación errónea de roles y privilegios. 2. Incumplimiento de acuerdo de confidencialidad de contratistas y proveedores. 3.Desconocimiento políticas de seguridad digital. | E10: Pérdida de Confidencialidad | F10: USUARIOS, PRODUCTOS Y PRÁCTICAS | G10: Media 60% | H10: Mayor 80% | I10: =VLOOKUP(G10,'MATRIZ DE CALOR'!$C$2:$H$7,MATCH('Mapa de riesgo Institucional'!H10,'MATRIZ DE CALOR'!$C$2:$H$2,0),FALSE) -> Alto | J10: El encargado de los procesos cada vez que se requiera ajustar roles y privilegios de usuarios, para asignar correctamente permisos en el uso de herramientas institucionales, en caso de error u omisión en la asignación de permisos se vuelve a aplicar el procedimiento con las correcciones. | L10: X | M10: CONTROL PREVENTIVO | N10: MANUAL | O10: 0.4 | P10: DOCUMENTADO | Q10: CONTINUA | R10: CON REGISTRO | S10: ACEPTAR | T10: Baja 40% | U10: Moderado 60% | V10: Control estricto de confidencialidad con la información de la entidad por parte de los administradores de las bases de datos y supervisores de contratos. | W10: SUBDIRECCIÓN CORPORATIVA Y ATENCIÓN AL CIUDADANO | X10: Permanente | Y10: 30/04/2026 | Z10: se brinda capacitación al funcionario encargado de la confidencialidad de lainformación de acuerdo con las normas de etica del funcionario
A11: 6 | C11: Afectación Económica | D11: Cambios de prioridades, rotación de personal, variaciones en la capacidad instalada (personal) | E11: Retrasos o incumplimientos en la entrega de productos y servicios | F11: USUARIOS, PRODUCTOS Y PRÁCTICAS | G11: Alta 80% | H11: Moderado 60% | I11: =VLOOKUP(G11,'MATRIZ DE CALOR'!$C$2:$H$7,MATCH('Mapa de riesgo Institucional'!H11,'MATRIZ DE CALOR'!$C$2:$H$2,0),FALSE) -> Alto | J11: El subdirector corporativo, verifica y orienta el cumplimiento de tareas mediante reuniones de seguimiento. En el caso de incumplimiento, se reprograma o se asigna por correo electrónico. | K11: X | M11: CONTROL PREVENTIVO | N11: MANUAL | O11: 0.3 | P11: DOCUMENTADO | Q11: CONTINUA | R11: CON REGISTRO | S11: ACEPTAR | T11: Muy Baja 20% | U11: Leve 20% | V11: Seguimiento al cumplimiento de la nueva programación del producto o servicio | W11: SUBDIRECCIÓN CORPORATIVA Y ATENCIÓN AL CIUDADANO | X11: Permanente | Y11: 30/04/2026 | Z11: se actualiza la información de acuerdo con las competencias de la entidad
A12: =A11+1 -> 7 | B12: GESTIÓN JURÍDICA Y CONTRATACIÓN | C12: Afectación Económica | D12: Fallas tecnológicas en la plataforma, errores de tipeo y pérdida de información contractual. | E12: Pérdida de Integridad | F12: FALLAS TECNOLÓGICAS | G12: Alta 80% | H12: Moderado 60% | I12: =VLOOKUP(G12,'MATRIZ DE CALOR'!$C$2:$H$7,MATCH('Mapa de riesgo Institucional'!H12,'MATRIZ DE CALOR'!$C$2:$H$2,0),FALSE) -> Alto | J12: Cuando se detecta una falla tecnológica en la plataforma se notifica a la mesa de ayuda de la Oficina de comunicaciones y TICS o al administrador de la plataforma (en el caso de aplicativos de terceros) mediante correo electrónico, con el fin de solicitar soporte y solución de la incidencia. En caso de incidencia mayor el equipo de soporte técnico pasará directamente la situación. | L12: X | M12: CONTROL PREVENTIVO | N12: MANUAL | O12: 0.4 | P12: DOCUMENTADO | Q12: CONTINUA | R12: CON REGISTRO | S12: EVITAR | T12: Baja 40% | U12: Moderado 60% | V12: El responsable de digitación cuando reciba notificación de que plataforma de cargue estará en mantenimiento reprogramará sus actividades de cargue de información, con el fin de evitar perdida de datos. En caso de no recibir notificación de la plataforma se comunicará con el área de TICS o con la entidad responsable de la respectiva plataforma. | W12: JURÍDICA | X12: Permanente | Y12: 30/04/2026 | Z12: la oficina juridica y de gestión contractual tiene constante monitoreo a los documentos contractuales los cuales estan consignados en la plataforma secop i y secop ii, en la actualidad no se han presentado situaciones que puedan colocar en riesgo la integridad de la información alli respaldada.
A13: =A12+1 -> 8 | C13: Afectación Económica | D13: Falta de verificación y control, vigencia normativa, falta de comunicación entre procesos. | E13: Elaborar y publicar conceptos con base en normas derogadas y/o desactualizadas. | F13: EJECUCIÓN Y ADMINISTRACIÓN DE PROCESOS | G13: Muy Baja 20% | H13: Menor 40% | I13: =VLOOKUP(G13,'MATRIZ DE CALOR'!$C$2:$H$7,MATCH('Mapa de riesgo Institucional'!H13,'MATRIZ DE CALOR'!$C$2:$H$2,0),FALSE) -> Bajo | J13: El asesor de la Dirección Jurídica cada vez que se requiera revisa los conceptos, con el fin de validar si la normativa está vigente y se estructurará la respuesta de forma correcta. En caso de requerir ajuste lo devolverá al profesional con las observaciones pertinentes. | K13: X | M13: CONTROL PREVENTIVO | N13: MANUAL | O13: 0.4 | P13: DOCUMENTADO | Q13: CONTINUA | R13: CON REGISTRO | S13: REDUCIR | T13: Baja 40% | U13: Menor 40% | V13: Una vez devuelto el concepto se procede a revisarlo y ajustarlo según las observaciones del director y/o asesor. El equipo jurídico debe verificar la vigencia de las leyes y el marco normativo de los procesos llevados a cabo por la entidad. | W13: JURÍDICA | X13: Permanente | Y13: 30/04/2026 | Z13: la oficina juridica y de gestión contractual realiza verificación previa de conceptos juridicos y/o contratos elaborados en la entidad, no obstante se deja de presente que en la actualidad no se esta enviando por parte de ninguna de las areas las respuestas de pqrsd, asi como actos administrativos para realizar una verificación previa y determinar el fundamento normativo.
A14: =A13+1 -> 9 | C14: Afectación Económica | D14: Falta de control de términos, contestar extemporáneamente, no contar con vigilancia judicial para los procesos. | E14: Incumplimiento de términos para la intervención oportuna de los requerimientos y procesos. | F14: EJECUCIÓN Y ADMINISTRACIÓN DE PROCESOS | G14: Media 60% | H14: Leve 20% | I14: =VLOOKUP(G14,'MATRIZ DE CALOR'!$C$2:$H$7,MATCH('Mapa de riesgo Institucional'!H14,'MATRIZ DE CALOR'!$C$2:$H$2,0),FALSE) -> Moderado | J14: Los encargados del área de Jurídica cada vez que se recepción un requerimiento por parte de otra entidad realizarán conteo de los términos, con el fin de establecer la fecha máxima de intervención en el respectivo proceso y dar respuesta de manera oportuna. | K14: X | M14: CONTROL PREVENTIVO | N14: MANUAL | O14: 0.2 | P14: SIN DOCUMENTAR | Q14: CONTINUA | R14: CON REGISTRO | S14: EVITAR | T14: Muy Baja 20% | U14: Menor 40% | V14: Los integrantes del área de Jurídica deberán dar cumplimiento a las medidas correspondientes que se tendrán en cuenta para la recepción de documentos y/o requerimientos y su correspondiente contestación. | W14: JURÍDICA | X14: Permanente | Y14: 30/04/2026 | Z14: se tiene que en la actualidad no se estan recibiendo por parte del area de atención al ciudadano, los pqrsd para efectos de realizar seguimiento de los mismos, asi como tampoco se envian a la oficina juridica y de gestión contractual, las respectivas respuestas para su revisión previa.
A15: =A14+1 -> 10 | B15: TALENTO HUMANO | C15: Afectación Económica | D15: Por causación de intereses moratorios | E15: Posibilidad de pérdida económica por causación de intereses de mora debido a pago extemporáneo de la seguridad social o inconsistencias en las liquidaciones definitivas. | F15: EJECUCIÓN Y ADMINISTRACIÓN DE PROCESOS | G15: Baja 40% | H15: Leve 20% | I15: =VLOOKUP(G15,'MATRIZ DE CALOR'!$C$2:$H$7,MATCH('Mapa de riesgo Institucional'!H15,'MATRIZ DE CALOR'!$C$2:$H$2,0),FALSE) -> Bajo | J15: El profesional encargado de nómina validará la información y verificará que los pagos fueron correctamente aplicados a final de mes o antes de la fecha límite. | K15: X | M15: CONTROL CORRECTIVO | N15: MANUAL | O15: 0.3 | P15: DOCUMENTADO | Q15: CONTINUA | R15: SIN REGISTRO | S15: REDUCIR | T15: Muy Baja 20% | U15: Menor 40% | V15: Documentar dentro del procedimiento de nómina el control actualmente definido y socializar a las partes interesadas. El encargado de la nómina, mensualmente al momento de notificar las planillas de pago de seguridad social y parafiscales, indicará al área financiera la fecha límite de pago y solicitará el soporte de este. | W15: TALENTO HUMANO | X15: Permanente | Y15: 30/04/2026 | Z15: el area de nomina envia los desprendibles de nomina al personal de planta a sus correos electronicos
A16: =A15+1 -> 11 | C16: Afectación Económica | D16: Por multa o sanciones del ente regulador Unidad de Gestión Pensional y Parafiscales (UGPP). | E16: Posibilidad de pérdida económica por multa o sanciones del ente regulador Unidad de Gestión Pensional y Parafiscales (UGPP), debido a la omisión en la liquidación y pago de la seguridad social y aportes parafiscales. | F16: EJECUCIÓN Y ADMINISTRACIÓN DE PROCESOS | G16: Media 60% | H16: Leve 20% | I16: =VLOOKUP(G16,'MATRIZ DE CALOR'!$C$2:$H$7,MATCH('Mapa de riesgo Institucional'!H16,'MATRIZ DE CALOR'!$C$2:$H$2,0),FALSE) -> Moderado | J16: El profesional encargado de nómina, mensualmente valida que el cálculo de la seguridad social del sistema de información sea el mismo que el cálculo manual. | L16: X | M16: CONTROL PREVENTIVO | N16: MANUAL | O16: 0.25 | P16: DOCUMENTADO | Q16: CONTINUA | R16: CON REGISTRO | S16: EVITAR | T16: Baja 40% | U16: Leve 20% | V16: Documentar dentro de procedimiento de nómina el control actualmente definido y socializar a las partes interesadas. El profesional asignado, mensualmente para cada nómina verificará el cálculo correcto de la seguridad social de acuerdo con las asignaciones salariales y novedades de nómina de los servidores públicos de la entidad. | W16: TALENTO HUMANO | X16: Permanente | Y16: 30/04/2026 | Z16: el profesional del area financiera verifica el valor correcto para el pago de los paraiscales y seguridad social
A17: =A16+1 -> 12 | C17: Afectación Económica | D17: Por la negación al reconocimiento de las incapacidades. | E17: Posibilidad de pérdida económica por la negación al reconocimiento de las incapacidades debido al incumplimiento de los requisitos exigidos por la EPS. | F17: EJECUCIÓN Y ADMINISTRACIÓN DE PROCESOS | G17: Media 60% | H17: Menor 40% | I17: =VLOOKUP(G17,'MATRIZ DE CALOR'!$C$2:$H$7,MATCH('Mapa de riesgo Institucional'!H17,'MATRIZ DE CALOR'!$C$2:$H$2,0),FALSE) -> Moderado | J17: El profesional a cargo mensualmente verifica que todas las incapacidades reportadas por las dependencias se radiquen en la EPS correspondiente. El profesional a cargo mensualmente verifica en cada EPS, el estado del reconocimiento y pago de las incapacidades. | K17: X | M17: CONTROL PREVENTIVO | N17: MANUAL | O17: 0.3 | P17: DOCUMENTADO | Q17: CONTINUA | R17: SIN REGISTRO | S17: ACEPTAR | T17: Muy Baja 20% | U17: Leve 20% | V17: El profesional a cargo, mensualmente concilia los pagos efectuados por concepto de incapacidades que son remitidos por Financiera contra el registro de incapacidades de Gestión Humana. | W17: TALENTO HUMANO | X17: Permanente | Y17: 30/04/2026 | Z17: las areas financiera y talento humano articulan los procesos de incapcidades para no tener errores en el proceso de recobro de incapacidades
A18: =A17+1 -> 13 | B18: GESTIÓN FINANCIERA | C18: Afectación Reputacional | D18: Manipulación inadecuada de los controles de confidencialidad en las plataformas de rendición de cuentas e informes. Debilidades en los controles de la ley habeas data. Debilidad en los controles de seguridad para contraseñas. | E18: Pérdida de Confidencialidad o integridad de la información | F18: FALLAS TECNOLÓGICAS | G18: Muy Baja 20% | H18: Moderado 60% | I18: =VLOOKUP(G18,'MATRIZ DE CALOR'!$C$2:$H$7,MATCH('Mapa de riesgo Institucional'!H18,'MATRIZ DE CALOR'!$C$2:$H$2,0),FALSE) -> Moderado | J18: El líder del subproceso cuando designe personal como administrador y/o operador de un sistema de información con el fin de prevenir la divulgación de la información reservada o clasificada, confirma la existencia del acuerdo o cláusula de confidencialidad, en el caso de divulgación se aplican acciones de contingencia y se reporta al ente de control correspondiente. | L18: X | M18: CONTROL PREVENTIVO | N18: MANUAL | O18: 0.5 | P18: DOCUMENTADO | Q18: CONTINUA | R18: CON REGISTRO | S18: REDUCIR | T18: Muy Baja 20% | U18: Moderado 60% | V18: El administrador de los sistemas de información institucionales, anualmente, con el fin de fortalecer la seguridad, configurará las opciones de seguridad de cambio obligatorio de claves y contraseñas en el directorio activo. En el caso de incidencias reconfirma las opciones de seguridad. Incorporación de cláusulas de confidencialidad a funcionarios y contratistas con acceso a información clasificada. | W18: GESTIÓN FINANCIERA | X18: Permanente | Y18: 30/04/2026 | Z18: en la entidad no se han presentado inconcistencias en el acceso a la información de los canales financieros
A19: =A18+1 -> 14 | C19: Afectación Económica | D19: La elaboración de órdenes para pago se realice sin la revisión de los soportes que debe contener cada pago. | E19: Elaboración de órdenes de pagos y causación de cuentas sin el cumplimiento previo de los requisitos legales. | F19: EJECUCIÓN Y ADMINISTRACIÓN DE PROCESOS | G19: Media 60% | H19: Mayor 80% | I19: =VLOOKUP(G19,'MATRIZ DE CALOR'!$C$2:$H$7,MATCH('Mapa de riesgo Institucional'!H19,'MATRIZ DE CALOR'!$C$2:$H$2,0),FALSE) -> Alto | J19: El área contable verifica y revisa los documentos suministrados por los contratistas, proveedores y acreedores, basado en una lista de chequeo (según la naturaleza del pago a realizar), implementada por la entidad y de conformidad con la normatividad vigente. | L19: X | M19: CONTROL DETECTIVO | N19: MANUAL | O19: 0.3 | P19: DOCUMENTADO | Q19: CONTINUA | R19: CON REGISTRO | S19: EVITAR | T19: Muy Baja 20% | U19: Menor 40% | V19: Revisión minuciosa de los requisitos en la elaboración de las ordenes de pago del primer trimestre de la vigencia 2026. | W19: GESTIÓN FINANCIERA | X19: Permanente | Y19: 30/04/2026 | Z19: el contador de la entidad realiza revisión, para la elaboración de ordenes y documentos de pago.
A20: =A19+1 -> 15 | C20: Afectación Económica | D20: Delitos informáticos, errores por transferencias virtuales a cuentas de terceros, malversaciones de fondos de la entidad. | E20: Transferencias por plataformas virtuales y pagos por fiducia de forma irregular o errada. | F20: EJECUCIÓN Y ADMINISTRACIÓN DE PROCESOS | G20: Muy Baja 20% | H20: Catastrófico 100% | I20: =VLOOKUP(G20,'MATRIZ DE CALOR'!$C$2:$H$7,MATCH('Mapa de riesgo Institucional'!H20,'MATRIZ DE CALOR'!$C$2:$H$2,0),FALSE) -> Extremo | J20: Las claves de acceso a la plataforma se cambian periodicamente y solo son administradas por una única persona. La plataforma se encuentra configurada con el IP de la entidad y cuenta con una infraestructura tecnológica segura. | K20: X | M20: CONTROL DETECTIVO | N20: MANUAL | O20: 0.4 | P20: DOCUMENTADO | Q20: CONTINUA | R20: CON REGISTRO | S20: EVITAR | T20: Muy Baja 20% | U20: Menor 40% | V20: Cambio periódico de contraseñas de acceso a plataformas financieras. Asignación de un único responsable de pagos, el cual corresponde a un funcionario de la planta de la entidad. Acceso a las plataformas únicamente desde computador con infraestructura tecnológica segura. Revisión permanente de los saldos de banco a través del proceso de conciliación. | W20: GESTIÓN FINANCIERA | X20: Permanente | Y20: 30/04/206 | Z20: se cuenta con los procedimientos financieros para mitigar la materalización de riesgos al realizar transferencias erroneas
A21: =A20+1 -> 16 | B21: GESTIÓN DOCUMENTAL | C21: Afectación Reputacional | D21: Permisos no autorizados de acceso a la información, o incumplimiento de los controles definidos en el proceso. Desconocimiento del nivel de clasificación o reserva de la información. Fallas en los controles de acceso físico a la información. Fuga de información clasificada. | E21: Pérdida de confidencialidad y fuga de información clasificada | F21: USUARIOS, PRODUCTOS Y PRÁCTICAS | G21: Baja 40% | H21: Moderado 60% | I21: =VLOOKUP(G21,'MATRIZ DE CALOR'!$C$2:$H$7,MATCH('Mapa de riesgo Institucional'!H21,'MATRIZ DE CALOR'!$C$2:$H$2,0),FALSE) -> Moderado | J21: El líder del proceso cuando se requiere por parte de la dependencia, asigna el nivel de control de seguridad con el fin de otorgar permisos de acceso de información de acuerdo con su rol. Para el caso de la información física, se resguarda otorgando acceso únicamente al custodio. Para el caso de información digital, se otorga acceso a los aplicativos al personal que intervienen el la gestión documental, bajo la autorización de la dirección. | K21: X | M21: CONTROL PREVENTIVO | N21: MANUAL | O21: 0.3 | P21: DOCUMENTADO | Q21: CONTINUA | R21: CON REGISTRO | S21: EVITAR | T21: Muy Baja 20% | U21: Menor 40% | V21: Garantizar la integridad, confidencialidad y disponibilidad de la información de la entidad, tanto en medios magnéticos y digitales, como en medios físicos. En el caso de los medios digitales, se reportará cualquier tipo de incidente o vulneración de la seguridad al área de Tic´s y se deberá crear un procedimiento de gestión de incidencias de seguridad. Identificar e implementar las acciones de corrección. Realizar seguimiento a la efectividad de las acciones. | W21: GESTIÓN DOCUMENTAL | X21: NA | Y21: 30/04/2026 | Z21: Actualmente, en algunas áreas se cumple a cabalidad con los lineamientos establecidos. Para lograr una cobertura total institucional, la entidad se encuentra en proceso de implementación de políticas y procedimientos que permitan el cumplimiento integral de este requerimiento, con fecha estimada de finalización al 31/12/2026.
A22: 17 | C22: Afectación Reputacional | D22: Inadecuada aplicación de los procedimientos. Falta de capacitación e instrucciones al personal para ejecutar la labor asignada. Ausencia de controles para el manejo de la información. | E22: Manejo inadecuado de la documentación e información producida y recibida por la entidad | F22: EJECUCIÓN Y ADMINISTRACIÓN DE PROCESOS | G22: Baja 40% | H22: Moderado 60% | I22: =VLOOKUP(G22,'MATRIZ DE CALOR'!$C$2:$H$7,MATCH('Mapa de riesgo Institucional'!H22,'MATRIZ DE CALOR'!$C$2:$H$2,0),FALSE) -> Moderado | J22: El líder del proceso cada vez que se requiera realiza control y seguimiento digitalizando los documentos recibidos. En caso de no poder digitalizar se re digitalizará la información. | K22: X | M22: CONTROL PREVENTIVO | N22: MANUAL | O22: 0.4 | P22: SIN DOCUMENTAR | Q22: CONTINUA | R22: CON REGISTRO | S22: REDUCIR | T22: Muy Baja 20% | U22: Menor 40% | V22: El responsable de la actividad cada vez que se requiera realizar entrega y recibo de información a través del diligenciamiento de formatos. En caso de encontrar inconsistencias en el formato se valida y corrige inmediatamente. | W22: GESTIÓN DOCUMENTAL | X22: NA | Y22: 30/04/2026 | Z22: Actualmente, el procedimiento se aplica en las áreas priorizadas mediante el diligenciamiento y validación de formatos para la entrega y recibo de información. La entidad se encuentra fortaleciendo e implementando lineamientos institucionales para garantizar su aplicación integral en todas las áreas, con proyección de cumplimiento total al 31/12/2026.
A23: 18 | B23: TECNOLOGIA DE LA INFORMACIÓN - TI | C23: Afectación Económica | D23: Debilidades en la gestión de contraseñas. Debilidades en la gestión de roles , privilegios y controles de acceso a las plataformas tecnológicas administradas u operadas por la entidad. Debilidades en la clasificación de los activos de información. | E23: Pérdida de integridad, confidencialidad o disponibilidad de información, plataformas o servicios de TI | F23: FALLAS TECNOLÓGICAS | G23: Media 60% | H23: Catastrófico 100% | I23: =VLOOKUP(G23,'MATRIZ DE CALOR'!$C$2:$H$7,MATCH('Mapa de riesgo Institucional'!H23,'MATRIZ DE CALOR'!$C$2:$H$2,0),FALSE) -> Extremo | J23: El líder del proceso y el responsable de seguridad de la información anualmente, con el fin de mantener vigente el Manual de Política de Seguridad de la Información, revisan las Políticas de control de acceso. Se aplica las políticas de creación de contraseñas, con el fin de asegurar el control de acceso a la información. Cuando los lineamientos no responden a las amenazas digitales, proponen cambios ante la dirección general. | K23: X | M23: CONTROL DETECTIVO | N23: AUTOMATICO | O23: 0.4 | P23: DOCUMENTADO | Q23: CONTINUA | R23: CON REGISTRO | S23: EVITAR | T23: Media 60% | U23: Moderado 60% | V23: Implementación y seguimiento riguroso a las políticas y procedimientos de seguridad informática adoptados por la entidad de acuerdo con lo dispuesto por la función pública y la normatividad reguladora de la materia. El líder del proceso y el responsable de seguridad de la información, semestralmente, con el fin de asegurar el manejo adecuado de las políticas de control de acceso, realizan campañas de sensibilización. | W23: TICs | X23: NA | Y23: 30/04/2026 | Z23: En el primer cuatrimestre de 2026, el área de TICs ejecutó la revisión y actualización de las políticas de control de acceso establecidas en el Manual de Política de Seguridad de la Información. Se realizaron cambios de contraseñas en el directorio activo y se verificaron los roles y privilegios de todos los usuarios con acceso a plataformas institucionales. No se presentaron incidentes de pérdida de confidencialidad o integridad. Se mantiene control detectivo automático activo y documentado.
A24: =A23+1 -> 19 | C24: Afectación Económica | D24: Restricciones presupuestales para contar con infraestructura de alta disponibilidad. Obsolescencias tecnologías. Pérdida de servicios esenciales. Entorno digital inseguro. Incumplimiento en los acuerdos de nivel de servicio en el soporte por parte de los proveedores. | E24: Pérdida de integridad, confidencialidad o acceso a servicios por ciberataques (DoS, DDoS, ransomware) | F24: EJECUCIÓN Y ADMINISTRACIÓN DE PROCESOS | G24: Muy Alta 100% | H24: Moderado 60% | I24: =VLOOKUP(G24,'MATRIZ DE CALOR'!$C$2:$H$7,MATCH('Mapa de riesgo Institucional'!H24,'MATRIZ DE CALOR'!$C$2:$H$2,0),FALSE) -> Alto | J24: El líder del proceso anualmente propone la adquisición o renovación de herramientas tecnológicas en el plan de adquisiciones. En caso de no ser aprobado se expone el riesgo ante la dirección general. | K24: X | M24: CONTROL PREVENTIVO | N24: MANUAL | O24: 0.4 | P24: DOCUMENTADO | Q24: CONTINUA | R24: CON REGISTRO | S24: EVITAR | T24: Muy Alta 100% | U24: Moderado 60% | V24: El responsable del activo de información cada vez que el fabricante libere versiones de software base para corregir vulnerabilidades, debe realizar el análisis de su impacto y si es viable apicararlas. Los coordinadores realizan seguimiento a la estrategia. Deberá garantizarse la existencia de herramientas de hardware o software para garantizar la seguridad informática de la entidad. | W24: TICs | X24: Permanente | Y24: 30/04/2026 | Z24: Durante el primer cuatrimestre de 2026, el área de TICs gestionó la adquisición y/o renovación de herramientas tecnológicas incluidas en el plan de adquisiciones vigente, con el fin de mitigar el riesgo de ciberataques por obsolescencia. Se adelantaron gestiones de soporte con proveedores de servicios TI bajo contrato vigente. Se realizaron actualizaciones de software base disponibles para corrección de vulnerabilidades. No se registraron ataques de tipo DoS, DDoS ni ransomware durante el período evaluado.
A25: =A24+1 -> 20 | C25: Afectación Reputacional | D25: Uso de información compartida, no utilización de herramientas de control de cambios en los documentos. | E25: Perdida de integridad y trazabilidad de la información | F25: EJECUCIÓN Y ADMINISTRACIÓN DE PROCESOS | G25: Baja 40% | H25: Moderado 60% | I25: =VLOOKUP(G25,'MATRIZ DE CALOR'!$C$2:$H$7,MATCH('Mapa de riesgo Institucional'!H25,'MATRIZ DE CALOR'!$C$2:$H$2,0),FALSE) -> Moderado | J25: En el caso de no aplicación, cada integrante asume la responsabilidad de integridad de la información. | L25: X | M25: CONTROL PREVENTIVO | N25: MANUAL | O25: 0.4 | P25: DOCUMENTADO | Q25: CONTINUA | R25: CON REGISTRO | S25: EVITAR | T25: Muy Baja 20% | U25: Menor 40% | V25: Los profesionales que tienen conocimiento de la opción de control de cambios, cada vez que ajustan documentos, con el fin de conservar la trazabilidad de las modificaciones realizadas, y del uso de contraseñas. En caso de no aplicación, justifica las modificaciones se harán con la persona que consolida los reportes o documentos finales. | W25: TICs | X25: Permanente | Y25: 30/04/2026 | Z25: En el primer cuatrimestre de 2026, el área de TICs promovió el uso de herramientas de control de cambios para la gestión documental digital institucional. Se socializaron las buenas prácticas de manejo de versiones y trazabilidad de información entre el personal con acceso a repositorios compartidos. La página web institucional fue actualizada conforme a los lineamientos del Índice de Transparencia y Acceso a la Información. El control se mantiene documentado con registro y frecuencia continua.
A26: =A25+1 -> 21 | B26: PROMOCIÓN Y COMUNICACIONES | C26: Afectación Reputacional | D26: Suministro de información equivocada o errada por parte de las áreas. Validación del contenido por personas no autorizadas de parte del área generadora de la información para su respectiva publicación. | E26: Publicar información cuya veracidad dependa de la fuente. | F26: EJECUCIÓN Y ADMINISTRACIÓN DE PROCESOS | G26: Baja 40% | H26: Moderado 60% | I26: =VLOOKUP(G26,'MATRIZ DE CALOR'!$C$2:$H$7,MATCH('Mapa de riesgo Institucional'!H26,'MATRIZ DE CALOR'!$C$2:$H$2,0),FALSE) -> Moderado | J26: Los profesionales del área siempre deben validar la información con los enlaces designados para tal fin en las áreas y así contar con aprobación para la publicación. La validación y aprobación son requisitos para la publicación de los contenidos. En caso de no contar con la aprobación de la persona designada, no se publica la información. | K26: X | M26: CONTROL PREVENTIVO | N26: MANUAL | O26: 0.4 | P26: DOCUMENTADO | Q26: CONTINUA | R26: CON REGISTRO | S26: EVITAR | T26: Baja 40% | U26: Moderado 60% | V26: El profesional asignado, cada vez que se requiera contar con aprobación para la publicación, verifica con el responsable del proceso, el enlace encargado. En caso de no contar con la aprobación de la persona designada, no se publica la información. | W26: PROMOCIÓN | X26: Permanente | Y26: 30/04/2026 | Z26: Durante el primer cuatrimestre de 2026, el area de Comunicaciones hizo revisiones y dejo trazabilidad de toda la información que ha sido puesta en medios institucionales.
A27: =A26+1 -> 22 | C27: Afectación Reputacional | D27: Validación tardía por parte del área generadora de la información para su respectiva publicación. Incumplimiento de los tiempos establecidos para la publicación. Incumplimiento de la Política de Operación de Comunicaciones referente al uso de lenguaje técnico y estilo. | E27: Publicación inoportuna de información sobre la gestión de la Entidad. | F27: EJECUCIÓN Y ADMINISTRACIÓN DE PROCESOS | G27: Muy Baja 20% | H27: Moderado 60% | I27: =VLOOKUP(G27,'MATRIZ DE CALOR'!$C$2:$H$7,MATCH('Mapa de riesgo Institucional'!H27,'MATRIZ DE CALOR'!$C$2:$H$2,0),FALSE) -> Moderado | J27: El líder de la Oficina Asesora de Comunicaciones después de las sesiones de los comités, con el fin de contar con una validación oportuna, comunica al equipo de trabajo instrucciones y lineamientos recibidos por la alta dirección. En caso de no comunicarse a tiempo las necesidades de publicación el director reitera los compromisos. | K27: X | M27: CONTROL DETECTIVO | N27: MANUAL | O27: 0.3 | P27: DOCUMENTADO | Q27: CONTINUA | R27: CON REGISTRO | S27: EVITAR | T27: Media 60% | U27: Moderado 60% | V27: El líder de la Oficina después de las sesiones de los comités, con el fin de contar con una validación oportuna, comunica al equipo de trabajo instrucciones y lineamientos recibidos por la alta dirección. En caso de no comunicarse a tiempo las necesidades de publicación el director reitera los compromisos. | W27: PROMOCIÓN | X27: Permanente | Y27: 30/04/2026 | Z27: En el primer cuatrimestre del 2026 se conto con las revisiones y ajustes de calidad recibidos desde la dirección para darle la continuidad a todos los compromisos adquiridos
A28: =A27+1 -> 23 | B28: CONTROL INTERNO | C28: Afectación Económica | D28: Ausencia de protocolo de seguridad de la Información para preservar las evidencias de auditorías. Desconocimiento en la identificación de la información clasificada y reservada. Debilidades en el establecimiento de roles y privilegios de las carpetas compartidas | E28: Pérdida de Confidencialidad | F28: EJECUCIÓN Y ADMINISTRACIÓN DE PROCESOS | G28: Baja 40% | H28: Menor 40% | I28: =VLOOKUP(G28,'MATRIZ DE CALOR'!$C$2:$H$7,MATCH('Mapa de riesgo Institucional'!H28,'MATRIZ DE CALOR'!$C$2:$H$2,0),FALSE) -> Moderado | J28: Cada integrante del equipo de la Oficina de Control Interno, cuando recolecta evidencias, define los mecanismos de seguridad que aplicará a la información, para prevenir fuga o divulgación no autorizada. En el caso que no se aplique, asume la responsabilidad. | K28: X | M28: CONTROL PREVENTIVO | N28: MANUAL | O28: 0.4 | P28: DOCUMENTADO | Q28: CONTINUA | R28: CON REGISTRO | S28: EVITAR | T28: Muy Baja 20% | U28: Menor 40% | V28: El Equipo de la Oficina de Control Interno durante la vigencia, elaborará el protocolo de seguridad de la información para protección de las evidencias. En el caso que la oficina no elabore este protocolo se acogerá a las políticas de operación establecidas por la entidad en esta materia. | W28: CONTROL INTERNO | X28: Permanente | Y28: 30/04/2026 | Z28: la oficina de control interno se acoje al protocolo de las politicas de seguridad de la información establecidas por la entidad para la protección de las evidencia cuando se realicen auditorías, seguimientos y evaluaciones petinentes del area de control interno en la entidad
A29: =A28+1 -> 24 | C29: Afectación Reputacional | D29: Limitación en la información. Calidad de la evidencia. Inadecuada redacción de los informes de evaluación. Inoportunidad en la entrega de los informes | E29: Incorrecta evaluación a la efectividad de los controles del Sistema de Control Interno | F29: EJECUCIÓN Y ADMINISTRACIÓN DE PROCESOS | G29: Media 60% | H29: Mayor 80% | I29: =VLOOKUP(G29,'MATRIZ DE CALOR'!$C$2:$H$7,MATCH('Mapa de riesgo Institucional'!H29,'MATRIZ DE CALOR'!$C$2:$H$2,0),FALSE) -> Alto | J29: El Equipo Auditor en cada evaluación, valida la calidad de la evidencia mediante otras fuentes de información. En el caso que la evidencia no cumpla con los parámetros esperados, se solicita nuevamente al líder del proceso o responsable remitir la información ajustada. | K29: X | M29: CONTROL PREVENTIVO | N29: MANUAL | O29: 0.4 | P29: DOCUMENTADO | Q29: CONTINUA | R29: CON REGISTRO | S29: EVITAR | T29: Muy Baja 20% | U29: Menor 40% | V29: El Jefe de la Oficina de Control Interno, informará mediante correo electrónico a los líderes de proceso, los próximos informes a presentar para el alistamiento y disposición de las evidencias correspondientes. En caso de no tener disponibilidad de la información la Jefe de Control Interno la solicita mediante un mecanismo que considere pertinente. | W29: CONTROL INTERNO | X29: Permanente | Y29: 30/04/2026 | Z29: el asesor de control interno, siempre solicita por medio del correo electronico institucional, información pertinente a la auditoría, seguimiento, evaluación y control, según corresponda, dejando la trazabilidad de las PQRSD, y de la información, recomendación o sugerencia a realizar, buscando el mejoramiento continuo de la gestión administratva, en busca de la eficiencia y la eficacia adminstrativa, en cumplimiento del MIPG

Sheet MATRIZ DE CALOR
D1: Impacto
D2: Leve 20% | E2: Menor 40% | F2: Moderado 60% | G2: Mayor 80% | H2: Catastrófico 100%
B3: Probabilidad | C3: Muy Alta 100% | D3: Alto | E3: Alto | F3: Alto | G3: Alto | H3: Extremo | J3: Extremo
C4: Alta 80% | D4: Moderado | E4: Moderado | F4: Alto | G4: Alto | H4: Extremo | J4: Alto
C5: Media 60% | D5: Moderado | E5: Moderado | F5: Moderado | G5: Alto | H5: Extremo | J5: Moderado
C6: Baja 40% | D6: Bajo | E6: Moderado | F6: Moderado | G6: Alto | H6: Extremo | J6: Bajo
C7: Muy Baja 20% | D7: Bajo | E7: Bajo | F7: Moderado | G7: Alto | H7: Extremo
D8: Leve 20% | E8: Menor 40% | F8: Moderado 60% | G8: Mayor 80% | H8: Catastrófico 100%
C11: Probabilidad | D11: Media 60% | E11: =VLOOKUP(D11,$C$2:$H$7,MATCH(D12,$C$2:$H$2,0),FALSE) -> Extremo
C12: Impacto | D12: Catastrófico 100%

Sheet Hoja1
A1: CLASIFICACION DEL RIESGO
A2: EJECUCIÓN Y ADMINISTRACIÓN DE PROCESOS
A3: FRAUDE EXTERNO
A4: FRAUDE INTERNO
A5: FALLAS TECNOLÓGICAS
A6: RELACIONES LABORALES
A7: USUARIOS, PRODUCTOS Y PRÁCTICAS
A8: DAÑOS A ACTIVOS FIJOS
A11: CONTROL PREVENTIVO
A12: CONTROL DETECTIVO
A13: CONTROL CORRECTIVO | C13: máximo 2 | D13: 0.2
C14: 3 a 24 | D14: 0.4
A15: MANUAL | C15: 25 a 500 | D15: 0.6
A16: AUTOMATICO | C16: 500 a 5000 | D16: 0.8
C17: mas de 5000 | D17: 1
A18: DOCUMENTADO
A19: SIN DOCUMENTAR
A21: CONTINUA
A22: ALEATORIA
A24: CON REGISTRO
A25: SIN REGISTRO
A27: REDUCIR
A28: ACEPTAR
A29: EVITAR
A31: Afectación Económica
A32: Afectación Reputacional
